AoeStats
← Comend x comend

Arabia

508766692Analyzed
4v4 RM · 7d ago on Sep 24, 2026· 46m 56s· 8 players
Game mode
Random Map
Map size
Large (8 player)
Population
200
Speed
Normal
Resources
Standard
Victory
Conquest
Starting age
Dark Age
Ending age
Imperial Age
RankedLock teamsTeams togetherTeam positionsShared explorationLock speedFull tech treeHidden civsTurbo modeCheats
Victory
Defeat
🇵🇪 Britons · Peru
1311
+14
🇨🇦 Franks · Canada
1306
+14
1292
+15
🇲🇽 Goths · Mexico
1288
+15
🇸🇰 Byzantines · Slovakia
1276
-15
🇬🇷 Magyars · Greece
1272
-15
🇺🇸 Malians · United States
1254
-14
🇻🇳 Saxons · Vietnam
1252
-14
Alarich1000
3:38 Loom
10:53 Feudal Age
11:25 Double-Bit Axe
11:22 Horse Collar
15:50 Wheelbarrow
20:01 Castle Age
19:06 Forging
19:01 Scale Barding Armor
19:11 Bloodlines
21:08 Bow Saw
20:58 Heavy Plow
21:16 Husbandry
23:10 Chain Barding Armor
27:59 Hand Cart
28:22 Iron Casting
31:26 Town Watch
34:35 Imperial Age
32:17 Gold Mining
32:17 Stone Mining
32:30 Scale Mail Armor
32:59 Man-at-Arms
32:59 Pikeman
33:40 Squires
33:26 Arson
33:59 Chain Mail Armor
34:25 Long Swordsman
35:47 Conscription
35:46 Town Patrol
35:15 Heavy Camel Rider
37:02 Plate Barding Armor
36:24 Two-Handed Swordsman
38:31 Champion
40:08 Plate Mail Armor
39:31 Fletching
39:41 Padded Archer Armor
39:26 Capped Ram
40:27 Light Cavalry
42:18 Crop Rotation
41:39 Onager
41:57 Cavalier
44:07 Bodkin Arrow
44:12 Padded Archer Armor
46:58 Farimba
nikos9730
3:01 Loom
11:28 Feudal Age
16:08 Scale Mail Armor
18:21 Horse Collar
18:30 Double-Bit Axe
21:31 Bloodlines
26:14 Castle Age
25:03 Scale Barding Armor
25:32 Gold Mining
33:38 Husbandry
44:09 Wheelbarrow
44:04 Chain Barding Armor
rayquaza
3:58 Loom
12:11 Feudal Age
16:36 Fletching
28:27 Castle Age
28:36 Elite Skirmisher
29:22 Thumb Ring
29:16 Bodkin Arrow
29:21 Padded Archer Armor
29:52 Thumb Ring
30:39 Double-Bit Axe
32:02 Leather Archer Armor
34:02 Ballistics
39:36 Gambesons
40:09 Pikeman
40:49 Squires
45:55 Imperial Age
43:33 Squires
43:34 Scale Mail Armor
[K]iro#
6:28 Loom
9:32 Feudal Age
10:32 Double-Bit Axe
12:43 Town Watch
13:27 Fletching
17:14 Wheelbarrow
22:47 Castle Age
21:41 Stone Mining
21:44 Gold Mining
23:36 Bodkin Arrow
23:02 Crossbowman
30:40 Thumb Ring
31:58 Squires
31:43 Gambesons
34:23 Murder Holes
34:38 Masonry
38:45 Imperial Age
36:21 Scale Mail Armor
37:05 Forging
38:16 Chain Mail Armor
38:37 Iron Casting
40:49 Plate Mail Armor
41:23 Arbalester
42:05 Bracer
41:36 Elite Varangian Guard
KING
9:12 Feudal Age
11:02 Double-Bit Axe
12:54 Scale Barding Armor
16:35 Forging
22:22 Castle Age
22:34 Light Cavalry
23:46 Chain Barding Armor
25:26 Loom
26:17 Wheelbarrow
25:55 Bow Saw
31:11 Husbandry
31:21 Gold Mining
31:52 Hand Cart
31:25 Town Watch
40:03 Imperial Age
39:38 Stone Mining
40:24 Gold Shaft Mining
40:13 Cavalier
41:31 Plate Barding Armor
41:32 Iron Casting
42:28 Hoardings
42:19 Conscription
42:03 Murder Holes
42:30 Ballistics
42:21 Masonry
41:53 Treadmill Crane
42:34 Paladin
42:59 Treadmill Crane
43:58 Conscription
45:26 Blast Furnace
44:54 Masonry
44:38 Fletching
46:19 Architecture
46:50 Chemistry
45:55 Town Patrol
45:46 Gambesons
46:01 Squires
45:46 Arson
46:48 Chivalry
aaaaaaa
12:34 Feudal Age
10:53 Loom
12:41 Feudal Age
14:26 Double-Bit Axe
16:42 Castle Age
19:21 Wheelbarrow
21:48 Hand Cart
29:29 Imperial Age
28:07 Fletching
28:21 Horse Collar
28:53 Bow Saw
28:35 Gold Mining
28:50 Bodkin Arrow
29:35 Anarchy
29:28 Town Watch
29:54 Scale Mail Armor
29:57 Squires
30:21 Elite Huskarl
32:48 Heavy Plow
36:47 Chain Mail Armor
36:48 Forging
38:53 Iron Casting
39:01 Conscription
40:47 Blast Furnace
43:16 Crop Rotation
Comend x comend
8:08 Loom
10:49 Feudal Age
15:50 Castle Age
14:41 Double-Bit Axe
16:30 Horse Collar
21:17 Wheelbarrow
22:39 Stone Mining
23:32 Gambesons
24:10 Pikeman
24:50 Squires
27:44 Hand Cart
33:54 Imperial Age
33:06 Town Watch
33:34 Bow Saw
33:27 Heavy Plow
34:45 Ballistics
35:27 Halberdier
36:08 Squires
35:53 Arson
37:12 Chemistry
36:37 Town Patrol
37:40 Forging
37:30 Scale Mail Armor
38:35 Yeomen
38:42 Padded Archer Armor
38:55 Gold Mining
41:16 Two-Man Saw
41:08 Elite Longbowman
41:44 Fletching
43:22 Conscription
43:34 Leather Archer Armor
45:57 Bodkin Arrow
46:33 Ring Archer Armor
FC_Proyecto_El_Conquistador_X
6:12 Loom
9:16 Feudal Age
9:45 Man-at-Arms
16:59 Double-Bit Axe
22:33 Castle Age
21:03 Fletching
21:37 Gold Mining
24:10 Bow Saw
24:47 Crossbowman
26:51 Bodkin Arrow
27:46 Horse Collar
29:26 Ballistics
31:38 Wheelbarrow
34:28 Husbandry
34:39 Bloodlines
37:30 Gold Shaft Mining
41:09 Imperial Age
38:41 Padded Archer Armor
41:57 Leather Archer Armor
41:42 Scale Mail Armor
41:53 Forging
43:01 Bracer
44:04 Chemistry
42:49 Elite Varangian Guard
43:35 Cranequins
45:47 Ring Archer Armor
45:44 Stone Mining
47:02 Chain Mail Armor
Connection lost

Rejoining the realm…

Still unreachable

The connection could not be restored.

Session expired

The server has moved on; the page needs a fresh start.